 Dungeon Crawl Stone Soup version 0.28.0-53-g5a82cb258f (webtiles) character file.

Game seed: 8570479014722223278

1284 fictitious the Cleaver (level 8, 0/66 HPs)
             Began as a Hill Orc Fighter on June 8, 2022.
             Was a Believer of Okawaru.
             Slain by a two-headed ogre
             ... wielding a +0 giant spiked club
              (20 damage)
             ... on level 6 of the Dungeon.
             The game lasted 00:28:02 (6787 turns).

fictitious the Cleaver (Hill Orc Fighter)           Turns: 6787, Time: 00:28:02

Health: 0/66       AC: 11    Str: 21    XL:     8   Next: 55%
Magic:  9/11       EV:  9    Int:  8    God:    Okawaru [**....]
Gold:   116        SH:  6    Dex: 10    Spells: 7/7 levels left

rFire   + . .      SeeInvis +   a - +0 war axe
rCold   + + .      Faith    .   c - +0 buckler
rNeg    . . .      Spirit   .   i - +0 chain mail
rPois   .          Reflect  .   (no helmet)
rElec   .          Harm     .   W - scarf {rC+ rF+}
rCorr   .          Rampage  .   (no gloves)
Will    .....                   (no boots)
Stlth   ..........              (no amulet)
HPRegen 0.21/turn               P - ring of protection from cold
MPRegen 0.12/turn               w - ring of see invisible

@: heroic
A: no striking features
a: Renounce Religion, Heroism


You were on level 6 of the Dungeon.
You worshipped Okawaru.
Okawaru was pleased with you.
You visited 1 branch of the dungeon, and saw 6 of its levels.

You collected 256 gold pieces.
You spent 140 gold pieces at shops.

Inventory:

Hand Weapons
 a - a +0 war axe (weapon)
 b - a +0 hunting sling
 v - a +0 battleaxe
 y - a +5 spear
Missiles
 e - 204 stones
 n - 40 sling bullets
 x - 2 silver boomerangs (quivered)
 A - a boomerang of dispersal
Armour
 c - a +0 buckler (worn)
 i - a +0 chain mail (worn)
 o - a +0 scale mail
 W - a scarf of resistance (worn)
Jewellery
 w - a ring of see invisible (right hand)
 P - a ring of protection from cold (left hand)
Wands
 s - a wand of flame (12)
Scrolls
 g - a scroll of vulnerability
 h - a scroll of enchant weapon {unknown}
 k - a scroll of teleportation
 l - a scroll of amnesia {unknown}
 m - a scroll of summoning {unknown}
 p - a scroll of magic mapping
 q - a scroll of silence {unknown}
 r - a scroll of identify
 u - 2 scrolls of fog
Potions
 d - a potion of ambrosia {unknown}
 f - a potion of invisibility
 j - a potion of lignification
 t - a potion of curing
 z - 2 potions of attraction {unknown}


   Skills:
 + Level 3.8(8.8) Fighting
 * Level 10.8(15.8) Axes
 + Level 5.1(10.1) Armour
 + Level 5.1(10.1) Shields
 - Level 4.0 Invocations


You had 7 spell levels left.
You didn't know any spells.
Your spell library contained the following spells:

 Spells                   Type           Power      Damage    Failure   Level
 Blink                    Tloc           0%         N/A       99%         2
 Ensorcelled Hibernation  Hex/Ice        0%         N/A       99%         2
 Ignite Poison            Fire/Tmut/Pois 0%         N/A       100%        3
 Lesser Beckoning         Tloc           0%         N/A       100%        3
 Mephitic Cloud           Conj/Pois/Air  0%         N/A       100%        3
 Spider Form              Tmut/Pois      0%         N/A       100%        3
 Anguish                  Hex/Necr       0%         N/A       100%        4
 Freezing Cloud           Conj/Ice/Air   0%         6-21      100%        5
 Manifold Assault         Tloc           0%         N/A       100%        5


Dungeon Overview and Level Annotations

Branches:
Dungeon (6/15)
 Temple: D:4-7

Altars:
Ashenzari
Okawaru
Qazlal
Vehumet

Shops:
D:1 ?

Annotations:
D:4 Eustachio, Sigmund
D:5 2 transporters, Dowan; Duvessa; ZoeForever1's ghost, novice DsGl
D:6 2 transporters, bnorton916's ghost, novice DEFE


Message History

Unknown command.
You see here a +0 hand axe.
Unknown command.
Aiming: Throw Flame
Press: ? - help, Shift-Dir - straight line, f - two-headed ogre
Aim: a two-headed ogre, wielding a +0 giant spiked club and a +0 giant club (85% to hit)
The puff of flame hits the two-headed ogre.
The two-headed ogre is lightly wounded.
Aiming: Throw Flame
Press: ? - help, Shift-Dir - straight line, f/p - two-headed ogre
Aim: a two-headed ogre, wielding a +0 giant spiked club and a +0 giant club (lightly wounded, 85% to hit)
The puff of flame hits the two-headed ogre.
The two-headed ogre is lightly wounded.
You gain the combat prowess of a mighty hero.
Aiming: Throw Flame
Press: ? - help, Shift-Dir - straight line, f/p - two-headed ogre
Aim: a two-headed ogre, wielding a +0 giant spiked club and a +0 giant club (lightly wounded, 85% to hit)
The puff of flame hits the two-headed ogre!
The two-headed ogre is lightly wounded.
Aiming: Throw Flame
Press: ? - help, Shift-Dir - straight line, f/p - two-headed ogre
Aim: a two-headed ogre, wielding a +0 giant spiked club and a +0 giant club (lightly wounded, 85% to hit)
The puff of flame hits the two-headed ogre.
The two-headed ogre is moderately wounded.
Aiming: Throw Flame
Press: ? - help, Shift-Dir - straight line, f/p - two-headed ogre
Aim: a two-headed ogre, wielding a +0 giant spiked club and a +0 giant club (moderately wounded, 85% to hit)
The puff of flame hits the two-headed ogre.
The two-headed ogre is moderately wounded.
You completely miss the two-headed ogre.
The two-headed ogre is moderately wounded.
The two-headed ogre barely misses you.
The two-headed ogre hits you with a +0 giant club!!
You slash the two-headed ogre!
The two-headed ogre is severely wounded.
You hit the two-headed ogre.
The two-headed ogre is severely wounded.
The two-headed ogre hits you with a +0 giant spiked club!!
The two-headed ogre hits you with a +0 giant club!!
You die...

#.#####.#
#.#####..###
#.......###.# #..#
##.##....##.#
#.#.....<..#
#.#....(####
#..........#
######..#####)#
#....#..# #.#
#.##.#.@#####.##
#.##...O.......#####
#.####..####.......#
#.# #..# #.....<.#
#.# #..# #.......#
#.# #..# #.......#
##.####..# #.......#
##........#
#########
##.#.#####.###


You could see a two-headed ogre.

Vanquished Creatures
  A water moccasin (D:6)
  A hornet zombie (D:5)
  A sky beast (D:5)
  A necrophage (D:6)
  A centaur (D:5)
  3 ogres
  2 scorpions
  A gnoll sergeant (D:6)
  A water moccasin skeleton (D:5)
  3 hounds
  A jelly (D:6)
  An iguana (D:6)
  A scorpion zombie (D:5)
  6 adders
  4 gnolls (D:6)
  A shadow imp (D:6)
  A worm (D:2)
  2 dart slugs
  6 orcs
  6 ball pythons
  3 endoplasms
  7 giant cockroaches
  9 goblins
  7 hobgoblins
  2 kobolds
  2 quokkas
  5 bats
  3 frilled lizards
  4 rats
86 creatures vanquished.

Vanquished Creatures (others)
  8 fungi (D:2)
  3 plants (D:2)
11 creatures vanquished.

Grand Total: 97 creatures vanquished

Notes
Turn   | Place    | Note
-------+----------+-------------------------------------------
     0 | D:1      | fictitious the Hill Orc Fighter began the quest for the
                  | Orb.
     0 | D:1      | Reached XP level 1. HP: 19/19 MP: 1/1
   153 | D:1      | Reached skill level 3 in Axes
   421 | D:1      | Reached XP level 2. HP: 26/26 MP: 2/2
   521 | D:1      | Found Bootis's Magic Scroll Emporium.
   527 | D:1      | Bought a scroll of identify for 28 gold pieces
   871 | D:2      | Reached skill level 4 in Axes
  1081 | D:2      | Reached XP level 3. HP: 31/31 MP: 3/3
  1495 | D:2      | Reached skill level 5 in Axes
  1652 | D:2      | Found a faded altar of an unknown god.
  2063 | D:1      | Bought a scroll of teleportation for 42 gold pieces
  2566 | D:3      | Reached XP level 4. HP: 39/39 MP: 4/4
  3108 | D:3      | Reached skill level 6 in Axes
  3246 | D:3      | Found a radiant altar of Vehumet.
  3247 | D:3      | Found an iron altar of Okawaru.
  3251 | D:3      | Became a worshipper of Warmaster Okawaru
  3771 | D:1      | Bought a scroll of fog for 28 gold pieces
  4002 | D:4      | Noticed Eustachio
  4013 | D:4      | Reached skill level 1 in Invocations
  4085 | D:1      | Bought a scroll of teleportation for 42 gold pieces
  4241 | D:4      | Noticed Sigmund
  4261 | D:5      | Entered Level 5 of the Dungeon
  4268 | D:5      | Found a broken altar of Ashenzari.
  4273 | D:5      | Noticed an ogre
  4297 | D:4      | Reached XP level 5. HP: 24/45 MP: 4/6
  4570 | D:5      | Reached skill level 7 in Axes
  4570 | D:5      | Reached XP level 6. HP: 17/51 MP: 6/8
  4931 | D:5      | Found a transporter.
  4935 | D:5      | Noticed ZoeForever1's ghost (novice DsGl)
  4997 | D:5      | Reached * piety under Okawaru
  4998 | D:5      | Reached skill level 8 in Axes
  5207 | D:5      | Reached XP level 7. HP: 57/57 MP: 8/10
  5350 | D:5      | Reached skill level 9 in Axes
  5470 | D:5      | Found a transporter.
  5631 | D:5      | Found a stormy altar of Qazlal.
  5770 | D:5      | Noticed Dowan
  5773 | D:5      | Noticed Duvessa
  5828 | D:6      | Reached ** piety under Okawaru
  5829 | D:6      | Reached XP level 8. HP: 29/64 MP: 11/11
  5838 | D:6      | Reached skill level 10 in Axes
  6426 | D:6      | Identified the +3 dire flail of the Spider Nest {vamp,
                  | rPois rF+ Str+2}
  6428 | D:6      | Noticed bnorton916's ghost (novice DEFE)
  6433 | D:6      | Reached skill level 5 in Armour
  6433 | D:6      | Reached skill level 5 in Shields
  6504 | D:6      | Found a transporter.
  6509 | D:6      | Found a transporter.
  6718 | D:6      | Noticed a two-headed ogre
  6787 | D:6      | Slain by a two-headed ogre

Illustrated notes

Levels and vault maps discovered:
D:1:      amcnicky_arrival_underground_garden, layout_basic, serial_shops, shop
D:2:      layout_basic, shapermc_ecumenical_altar_mp_ritualfount,
          minmay_misc_feat_encased
D:3:      layout_loops_corners, nicolae_overflow_squiral, eino_tiny_chamber
D:4:      layout_basic, uniq_blork_the_orc, uniq_sigmund, uniq_eustachio
D:5:      layout_basic, mainiacjoe_overflow_large_starburst,
          gammafunk_ghost_mausoleum, uniq_duvessa
D:6:      layout_loops_ring, overflow_temple_1_default, temple_statues,
          gammafunk_ghost_smash

Skill      XL: |  1  2  3  4  5  6  7  8 |
---------------+-------------------------+-----
Axes           | 3 4 5 6 7 8 9 10 | 10.8
Invocations    | 1 2 4 |  4.0
Armour         | 4 5 |  5.1
Shields        | 4 5 |  5.1
Fighting       | |  3.8

Action                   |  1- 3 |  4- 6 |  7- 9 || total
-------------------------+-------+-------+-------++-------
Melee: War axe           |   101 |    78 |   106 ||   285
       Hand axe          |       |    20 |       ||    20
       Punch             |       |     1 |       ||     1
 Fire: Hunting sling     |    10 |    29 |     2 ||    41
Throw: Stone             |    47 |       |       ||    47
       Boomerang         |       |       |     3 ||     3
Invok: Heroism           |       |       |     5 ||     5
Evoke: Wand              |       |     2 |    15 ||    17
  Use: Potion            |     1 |     1 |     1 ||     3
       Scroll            |     2 |     4 |       ||     6
Armor: Scale mail        |    29 |       |       ||    29
       Chain mail        |    34 |    63 |    34 ||   131
Dodge: Dodged            |    38 |    30 |    24 ||    92
Block: Buckler           |    11 |       |     6 ||    17
